 Dungeon Crawl Stone Soup version 0.23.2-40-g277498a001 (webtiles) character file.

Game seed: 10668339111795891153

1409 GeorgeFormbyGrill the Spear-Bearer (level 8, -3/71 HPs)
             Began as a Minotaur Chaos Knight on Oct 13, 2019.
             Was a Plaything of Xom.
             Splashed by Pikel's acid (12 damage)
             ... on level 7 of the Dungeon.
             The game lasted 00:22:36 (4246 turns).

GeorgeFormbyGrill the Spear-Bearer (MiCK)           Turns: 4246, Time: 00:22:38

Health: -3/71      AC: 10    Str: 24    XL:     8   Next: 42%
Magic:  7/7        EV:  9    Int:  9    God:    Xom [..*...]
Gold:   198        SH:  0    Dex: 10    Spells: 7/7 levels left

rFire    + . .     SeeInvis .   a - +0 spear (chaos)
rCold    x . .     Gourm    .   (no shield)
rNeg     . . .     Faith    +   x - +0 chain mail
rPois    .         Spirit   .   (helmet restricted)
rElec    .         Reflect  .   (no cloak)
rCorr    .         Harm     .   (no gloves)
MR       .....     Rnd*Tele +   (no boots)
Stlth    ..........             s - amulet of faith
HPRegen  0.21/turn              d - ring of teleportation (curse)
MPRegen  0.10/turn              e - ring of fire

@: mighty, lethally poisoned (-3 -> -3)
A: retaliatory headbutt, horns 2
a: Renounce Religion


You were on level 7 of the Dungeon.
You worshipped Xom.
You were a toy of Xom.
You were not hungry.

You visited 1 branch of the dungeon, and saw 7 of its levels.

You collected 198 gold pieces.

Inventory:

Hand Weapons
 a - a +0 spear of chaos (weapon)
Armour
 x - a +0 chain mail (worn)
Jewellery
 d - a cursed ring of teleportation (left hand)
 e - a ring of fire (right hand)
 s - an amulet of faith (around neck)
 y - a +2 ring of intelligence {unknown}
Wands
 u - a wand of digging (11)
Scrolls
 b - 3 scrolls of remove curse {unknown}
 h - 2 scrolls of fear {unknown}
 l - a scroll of blinking {unknown}
 m - 4 scrolls of identify
 q - 3 scrolls of magic mapping {unknown}
 t - a scroll of noise {unknown}
 v - a scroll of vulnerability {unknown}
 w - a scroll of teleportation
Potions
 g - a potion of cancellation
 i - a potion of lignification
 j - a potion of degeneration
 k - 2 potions of ambrosia
 n - a potion of resistance {unknown}
 o - a potion of heal wounds
 p - a potion of mutation {unknown}
 r - a potion of brilliance {unknown}
Comestibles
 c - 5 rations


   Skills:
 + Level 6.9 Fighting
 + Level 8.3 Polearms
 + Level 6.7 Armour
 + Level 3.3 Dodging
 + Level 2.2 Stealth


You had 7 spell levels left.
You didn't know any spells.
Your spell library contained the following spells:

 Spells                   Type           Power        Failure   Level  Hunger
 Shock                    Conj/Air       #...         94%         1    ##.....
 Call Imp                 Summ           #.......     98%         2    ###....
 Mephitic Cloud           Conj/Pois/Air  #.......     100%        3    ####...
 Summon Demon             Summ           #.........   100%        5    ######.
 Dragon's Call            Summ           #.........   100%        9    #######


Dungeon Overview and Level Annotations

Branches:
Dungeon (7/15)             Temple (0/1) D:5

Altars:
Fedhas
Nemelex Xobeh
Okawaru
Xom

Annotations:
D:6 1 runed translucent door, barcode's ghost, novice MfCj
D:7 Pikel


Innate Abilities, Weirdness & Mutations

You reflexively headbutt those who attack you in melee.
You have a pair of horns on your head.


Message History

You feel sick.
Pikel shouts!
A slave comes into view.
You feel sick. The slave hits you but does no damage. Xom smiles on you.
You feel very mighty all of a sudden.
A black bear comes into view.
You feel sick.
A slave comes into view.
The slave shouts!
A slave comes into view.
You completely miss Pikel.
The slave shouts!
You headbutt Pikel.
Pikel is lightly wounded.
You feel sick.
Pikel zaps a wand.
The bolt of acid hits you!
* * * LOW HITPOINT WARNING * * *
You are splashed with acid!
You die...
Xom laughs nastily!

...............#
..........[..##
.........##..#
.......###..#
......# ##.##
....## #.># ..##
##..# ## ##..##
##@.## ##K.##
#p.## #p.##
h.### #.p# .p.#
###. #


You could see Pikel, a black bear and 4 slaves.

Vanquished Creatures
  A water moccasin (D:7)
  2 ice beasts (D:6)
  A sky beast (D:5)
  A phantom (D:2)
  An ogre (D:3)
  2 centaurs
  A bullfrog (D:6)
  2 howler monkeys
  A crimson imp (D:5)
  A bullfrog zombie (D:5)
  A centaur skeleton (D:6)
  3 hounds
  5 worker ants
  An orc wizard (D:3)
  A hound zombie (D:6)
  A worker ant zombie (D:6)
  A gnoll (D:1)
  6 adders
  3 shadow imps
  An adder skeleton (D:5)
  3 worms
  2 dart slugs
  5 leopard geckos
  13 orcs
  5 bats
  11 giant cockroaches
  6 goblins
  6 hobgoblins
  10 jackals
  7 kobolds
  A ball python (D:3)
  6 frilled lizards
  A jackal skeleton (D:6)
  A quokka skeleton (D:6)
  8 rats
121 creatures vanquished.

Notes
Turn   | Place    | Note
-------+----------+-------------------------------------------
     0 | D:1      | GeorgeFormbyGrill the Minotaur Chaos Knight began the quest
                  | for the Orb.
     0 | D:1      | Reached XP level 1. HP: 19/19 MP: 0/0
     4 | D:1      | XOM: divination: magic mapping
    39 | D:1      | Reached skill level 4 in Polearms
    39 | D:1      | Reached XP level 2. HP: 27/27 MP: 1/1
   156 | D:1      | XOM: divination: detect items
   319 | D:1      | XOM: harmless Tloc miscast
   336 | D:1      | Reached XP level 3. HP: 33/33 MP: 2/2
   758 | D:2      | Noticed a phantom
   778 | D:2      | XOM: mild Hex miscast
   787 | D:2      | XOM: divination: magic mapping
   788 | D:2      | Killed a phantom
   788 | D:2      | Reached skill level 5 in Fighting
   788 | D:2      | Reached XP level 4. HP: 14/42 MP: 3/3
   801 | D:2      | Found an iron altar of Okawaru.
   802 | D:2      | Reached XP level 5. HP: 18/48 MP: 4/4
   957 | D:2      | Reached skill level 5 in Polearms
  1212 | D:2      | XOM: mild Erth miscast
  1402 | D:3      | Noticed a centaur
  1412 | D:3      | Killed a centaur
  1412 | D:3      | Reached skill level 1 in Stealth
  1444 | D:3      | Reached XP level 6. HP: 30/56 MP: 5/5
  1512 | D:3      | XOM: harmless Chrm miscast
  1513 | D:3      | XOM: cast spell 'Cause Fear'
  1641 | D:3      | Found a blossoming altar of Fedhas.
  1963 | D:4      | XOM: blink monster(s)
  2017 | D:4      | Identified Eneittamp's Guide on Lightness and the Escort
  2110 | D:4      | XOM: harmless Summ miscast
  2287 | D:4      | Reached skill level 6 in Polearms
  2369 | D:4      | XOM: harmless Summ miscast
  2459 | D:4      | Found a sparkling altar of Nemelex Xobeh.
  2463 | D:4      | Found a shimmering altar of Xom.
  2617 | D:5      | Entered Level 5 of the Dungeon
  2622 | D:5      | Found a staircase to the Ecumenical Temple.
  2653 | D:5      | XOM: silly message
  2658 | D:5      | Reached XP level 7. HP: 49/62 MP: 6/6
  2667 | D:5      | Reached skill level 5 in Armour
  2884 | D:5      | Reached skill level 7 in Polearms
  2959 | D:5      | XOM: harmless Air miscast
  3374 | D:6      | XOM: silly message
  3462 | D:6      | XOM: potion effect (might)
  3471 | D:6      | Reached XP level 8. HP: 66/71 MP: 7/7
  3617 | D:6      | XOM: potion effect (brilliance)
  3739 | D:6      | Found a runed translucent door.
  3739 | D:6      | Found a shimmering altar of Xom.
  3739 | D:6      | Noticed barcode's ghost (novice MfCj)
  3757 | D:6      | Noticed a +0 rapier of chaos
  3833 | D:6      | XOM: potion effect (heal wounds)
  3837 | D:6      | Reached skill level 8 in Polearms
  4185 | D:6      | XOM: divination: magic mapping
  4239 | D:7      | Noticed Pikel
  4242 | D:7      | XOM: potion effect (might)
  4246 | D:7      | Splashed by Pikel's acid

Skill      XL: |  1  2  3  4  5  6  7  8 |
---------------+-------------------------+-----
Polearms       | 4 5 6 7 8 |  8.3
Fighting       | 4 5 6 |  6.9
Armour         | 3 4 6 |  6.7
Dodging        | 2 3 |  3.3
Stealth        | 1 2 |  2.2

Action                   |  1- 3 |  4- 6 |  7- 9 || total
-------------------------+-------+-------+-------++-------
Melee: Spear             |    97 |   124 |   134 ||   355
       Headbutt          |    11 |    25 |    27 ||    63
  Use: Scroll            |     1 |     6 |       ||     7
       Potion            |       |     1 |       ||     1
 Stab: Confused          |     2 |       |     1 ||     3
       Paralysed         |       |     1 |     1 ||     2
       Petrifying        |       |     1 |       ||     1
  Eat: Ration            |       |     2 |     2 ||     4
Armor: Leather armour    |     6 |       |       ||     6
       Scale mail        |    28 |    54 |    55 ||   137
       Chain mail        |       |       |     6 ||     6
Dodge: Dodged            |    48 |    49 |    63 ||   160
